 Dungeon Crawl Stone Soup version 0.26-a0-683-g5206c1d7ac (webtiles) character file.

Game seed: 6447911328751176221

73 grandjackal the Firebug (level 4, 0/36 HPs)
             Began as a Hill Orc Fire Elementalist on Oct 23, 2020.
             Slain by a hobgoblin
             ... wielding a +0 club
              (4 damage)
             ... on level 2 of the Dungeon.
             The game lasted 00:03:49 (2848 turns).

grandjackal the Firebug (HOFE)                      Turns: 2848, Time: 00:03:49

Health: 0/36       AC:  2    Str: 10    XL:     4   Next: 27%
Magic:  7/7        EV: 12    Int: 16    God:
Gold:   102        SH:  0    Dex: 11    Spells: 3/7 levels left

rFire    . . .     SeeInvis .   c - +0 dagger (venom)
rCold    . . .     Faith    .   (no shield)
rNeg     . . .     Spirit   .   a - +0 robe
rPois    .         Reflect  .   (no helmet)
rElec    .         Harm     .   (no cloak)
rCorr    .         Rampage  .   (no gloves)
MR       .....                  (no boots)
Stlth    ++........             (no amulet)
HPRegen  0.12/turn              (no ring)
MPRegen  0.10/turn              (no ring)

@: no status effects
A: no striking features
a: no special abilities


You were on level 2 of the Dungeon.
You visited 1 branch of the dungeon, and saw 3 of its levels.

You collected 102 gold pieces.

Inventory:

Hand Weapons
 c - a +0 dagger of venom (weapon)
 e - a +0 short sword
Missiles
 g - 8 poisoned darts (quivered)
Armour
 a - a +0 robe (worn)
 i - a +0 chain mail
 l - a +0 scale mail
 m - a +0 leather armour
Scrolls
 h - a scroll of teleportation {unknown}
Potions
 b - a potion of curing
 d - 2 potions of haste
 f - a potion of magic
 j - 2 potions of brilliance {unknown}
 k - a potion of stabbing {unknown}


   Skills:
 + Level 2.1 Fighting
 + Level 0.7 Armour
 - Level 1.5 Dodging
 - Level 1.5 Stealth
 - Level 2.0 Spellcasting
 + Level 2.0 Conjurations
 + Level 3.9 Fire Magic


You had 3 spell levels left.
You knew the following spells:

 Your Spells              Type           Power        Failure   Level
a - Foxfire               Conj/Fire      ##..         6%          1
b - Conjure Flame         Conj/Fire      ##......     19%         3

Your spell library contained the following spells:

 Spells                   Type           Power        Failure   Level
 Inner Flame              Hex/Fire       #.......     28%         3
 Sticky Flame             Conj/Fire      ##......     52%         4
 Fireball                 Conj/Fire      ##........   86%         5


Dungeon Overview and Level Annotations

Branches:
Dungeon (3/15)

Altars:


Message History

You are no longer poisoned.
There is a stone staircase leading down here.
Unknown command.
Unknown command.
You barely miss the orc. The orc misses you. The orc barely misses you.
The hobgoblin closely misses you.
Unknown command.
You hit the orc.
The orc is poisoned.
The orc is heavily wounded.
The orc misses you. The orc barely misses you.
The hobgoblin closely misses you.
Unknown command.
You hit the orc but do no damage. The orc barely misses you.
The hobgoblin misses you. The orc misses you.
Unknown command.
You hit the orc but do no damage.
The orc is poisoned.
The orc hits you with a +0 club.
* * * LOW HITPOINT WARNING * * *
The hobgoblin hits you with a +0 club.
You die...

### #################### #.#
#...)..............#
#.#####.################.#
#.......# #.# #.#####[# #.#
#.######################.#
#.......g@o.).............
##########o###.##########.#
#............#.##.........#
#...#####..#.#.##.#########
#...# #........##.#
####...###.#....#.##.#
#........#.##.###.##.#########
#.#)..##.#.#........(>(.......
#.#<..##.#.#.#########....##.#


You could see 2 orcs and a hobgoblin.

Vanquished Creatures
  2 adders (D:2)
  3 leopard geckos
  5 orcs
  A giant cockroach (D:1)
  4 hobgoblins
  3 jackals (D:2)
  A quokka (D:2)
  6 bats
  5 goblins
  9 kobolds
  9 rats
48 creatures vanquished.

Vanquished Creatures (others)
  71 foxfires
71 creatures vanquished.

Grand Total: 119 creatures vanquished

Notes
Turn   | Place    | Note
-------+----------+-------------------------------------------
     0 | D:1      | grandjackal the Hill Orc Fire Elementalist began the quest
                  | for the Orb.
     0 | D:1      | Reached XP level 1. HP: 14/14 MP: 3/3
   229 | D:1      | Reached XP level 2. HP: 22/22 MP: 2/4
   542 | D:1      | Reached skill level 1 in Fighting
  1551 | D:2      | Reached XP level 3. HP: 28/28 MP: 3/5
  1690 | D:2      | Learned a level 3 spell: Conjure Flame
  2253 | D:2      | Reached XP level 4. HP: 35/36 MP: 7/7
  2848 | D:2      | Slain by a hobgoblin

Illustrated notes

Levels and vault maps discovered:
D:1:      eino_arrival_water_star, layout_basic, minmay_misc_feat_enclosed,
          st_stairs_13, minmay_pentomino_x4
D:2:      layout_basic
D:3:      layout_rooms, minmay_quantized, uniq_terence

Skill      XL: |  1  2  3  4 |
---------------+-------------+-----
Fighting       | 1 2 |  2.1
Spellcasting   | 2 |  2.0
Conjurations   | 2 |  2.0
Armour         | |  0.7
Dodging        | |  1.5
Stealth        | |  1.5
Fire Magic     | |  3.9

Action                   |  1- 3 |  4- 6 || total
-------------------------+-------+-------++-------
Melee: Unarmed           |     8 |       ||     8
       Short sword       |    28 |       ||    28
       Dagger            |    34 |    17 ||    51
 Cast: Foxfire           |    32 |     9 ||    41
  Use: Scroll            |     3 |       ||     3
 Stab: Sleeping          |     2 |       ||     2
Armor: Robe              |    25 |     5 ||    30
Dodge: Dodged            |    48 |    42 ||    90

Table legend: (Time is in decaauts)
 A = Elapsed time spent in this place.
 B = Non-inter-level travel time spent in this place.
 C = Inter-level travel time spent in this place.
 D = Time resting spent in this place.
 E = Time spent auto-exploring this place.
 F = Levels seen in this place.
 G = Mean time per level.
                   A        B        C        D        E       F      G
               +--------+--------+--------+--------+--------+-----+--------+
         Total |   2851 |   2820 |     31 |    567 |   1797 |   3 |  950.3 |
       Dungeon |   2851 |   2820 |     31 |    567 |   1797 |   3 |  950.3 |
               +--------+--------+--------+--------+--------+-----+--------+

Top non-repeatable levels by time:
     D:1: 1478 daAuts
     D:2: 1346 daAuts
     D:3: 26 daAuts
